 Dungeon Crawl Stone Soup version 0.23.1 (webtiles) character file.

Game seed: 3606002834700561958

6477 Borgoz the Cutter (level 11, -13/90 (91) HPs)
             Began as a Ghoul Monk on Mar 17, 2019.
             Was a Believer of Ashenzari.
             Killed by the air
             ... invoked by Gastronok
              (20 damage)
             ... on level 8 of the Dungeon.
             The game lasted 00:35:15 (12894 turns).

Borgoz the Cutter (Ghoul Monk)                     Turns: 12894, Time: 00:35:16

HP:   -13/90 (91)   AC: 12    Str: 16    XL:     11   Next: 0%
MP:   14/14         EV: 18    Int:  7    God:    Ashenzari [**....]
Gold: 565           SH:  0    Dex: 12    Spells: 12/16 levels left

rFire    . . .     SeeInvis .   a - +1 dagger (speed)
rCold    + . .     Gourm    .   (no shield)
rNeg     + + +     Faith    +   j - +0 ring mail
rPois    ∞         Spirit   .   d - +2 helmet
rElec    .         Reflect  .   w - +0 cloak
rCorr    .         Harm     .   p - +0 pair of gloves (curse)
MR       .....                  (no boots)
Stlth    +++.......             f - amulet of faith
HPRegen  0.00/turn              g - +4 ring of evasion
MPRegen  0.14/turn              (no ring)

@: rotting
A: rotting body, claws 1, carnivore, cold resistance 1, negative energy
resistance 3, inhibited regeneration, torment resistance, unbreathing
a: Curse Item, Scrying, Renounce Religion


You were on level 8 of the Dungeon.
You worshipped Ashenzari.
Ashenzari was pleased with you.
You were not hungry.

You visited 3 branches of the dungeon, and saw 13 of its levels.

You collected 565 gold pieces.

Inventory:

Hand Weapons
 a - a +1 dagger of speed (weapon)
 r - a +1 rapier
Missiles
 n - 5 tomahawks (quivered)
Armour
 d - a +2 helmet (worn)
 i - a +0 crystal plate armour
 j - a +0 ring mail (worn)
 p - a cursed +0 pair of gloves (worn)
 t - a +1 chain mail of cold resistance
 w - a +0 cloak (worn)
Jewellery
 f - an amulet of faith (around neck)
 g - a +4 ring of evasion (left hand)
Wands
 y - a wand of polymorph (11)
 z - a wand of random effects (11)
Scrolls
 e - 2 scrolls of amnesia
 h - 2 scrolls of enchant armour
 k - a scroll of teleportation
 l - a scroll of enchant weapon
 q - 2 scrolls of identify
 u - a scroll of remove curse
 v - a scroll of fog
 C - a scroll of blinking
Potions
 s - a potion of resistance
 A - a potion of magic
Comestibles
 c - 19 rations


   Skills:
 - Level 6.4 Fighting
 * Level 7.5 Short Blades
 * Level 6.9 Armour
 * Level 7.5 Dodging
 + Level 6.6 Stealth
 + Level 3.1 Spellcasting
 * Level 3.6 Hexes


You had 12 spell levels left.
You knew the following spells:

 Your Spells              Type           Power        Failure   Level  Hunger
a - Confusing Touch       Hex            #.....       14%         1    ##.....
b - Confuse               Hex            #.......     38%         3    ####...

Your spell library contained the following spells:

 Spells                   Type           Power        Failure   Level  Hunger
 Animate Skeleton         Necr           N/A          52%         1    ##.....
 Apportation              Tloc           #.....       52%         1    ##.....
 Flame Tongue             Conj/Fire      #....        52%         1    ##.....
 Summon Small Mammal      Summ           #...         52%         1    ##.....
 Cause Fear               Hex            #.........   80%         4    #####..
 Gell's Gravitas          Tloc           #.........   87%         3    ####...
 Petrify                  Tmut/Erth      #.......     99%         4    #####..
 Metabolic Englaciation   Hex/Ice        #.........   100%        5    ######.
 Yara's Violent Unravell  Hex/Tmut       #.........   100%        5    ######.
 Bolt of Fire             Conj/Fire      #.........   100%        6    #######
 Dragon's Call            Summ           #.........   100%        9    #######
 Dragon Form              Tmut           Unusable     N/A         7    N/A

Dungeon Overview and Level Annotations

Branches:
Dungeon (10/15)            Temple (1/1) D:5            Lair (2/6) D:8
  Swamp: Lair:2-4    Shoals: Lair:2-4     Snake: Lair:2-4    Spider: Lair:2-4
    Orc: D:9-12

Altars:
Ashenzari
Cheibriados
Dithmenos
Elyvilon
Fedhas
Gozag
Hepliaklqana
Kikubaaqudgha
Makhleb
Nemelex Xobeh
Okawaru
Qazlal
Ru
Sif Muna
Trog
Uskayaw
Vehumet
Wu Jian
Xom
Yredelemnul
Zin
The Shining One

Shops:
D:9 }

Annotations:
D:8 Gastronok
D:9 3 runed translucent doors, ThisFiasco's ghost, novice DrGl


Innate Abilities, Weirdness & Mutations

Your body is rotting away.
You thrive on raw meat.
You are immune to poison.
You have sharp fingernails.
You are carnivorous and can eat meat at any time.
Your flesh is cold resistant. (rC+)
You are immune to negative energy. (rN+++)
You do not regenerate when monsters are visible.
You are immune to unholy pain and torment.
You can survive without breathing.


Message History

Throwing (i - inventory. (/) - cycle)
o - a throwing net (quivered)
Press: ? - help, Shift-Dir - straight line, f/p - Gastronok
Aim: Gastronok, wearing the +3 hat of Pondering {ponderous, MR+ MP+10 Int+5} (almost dead, covering ground quickly)
You throw a throwing net.
The throwing net barely misses Gastronok.
Throwing (i - inventory)
n - 6 tomahawks (quivered)
Press: ? - help, Shift-Dir - straight line, f/p - Gastronok
Aim: Gastronok, wearing the +3 hat of Pondering {ponderous, MR+ MP+10 Int+5} (almost dead, covering ground quickly)
You throw a tomahawk.
The tomahawk hits Gastronok but does no damage.
Gastronok is almost dead.
Gastronok casts a spell.
Okay, then.
Okay, then.
Gastronok chants a spell, wobbling all the while.
The bat disappears in a puff of smoke!
The rat twitches its whiskers.
Gastronok waves his eye-stalks in wide circles.
The air twists around and strikes you!
You die...

#### #.# #b#.# #.#.# ##.# #.#
#w#.# #.#.# ##.# #.# #.#.#
#.#.# ##.###.# #.#.# #.#.#
##..##.#########.#.# #.#.#
##...((.......(#b#.# #.#.#
##..##.#######.#.#.# #.#.#
##..##.# #.#r#.# #.#.# ##...#(#
#.#@#.###.#.# ##.#.#)#
#.......#.#.# ##.#.#[#
#######.#####.#.# ##.#...#
#.....#.......#.###### ##.##..#
#.....#.#######....<.#
##.##..###.....################
....[[>..'.....'..............#
.##.[)(..#.....#############.##
<''......'.....').....# #.#


You could see Gastronok, a bat and a rat.

Vanquished Creatures
  Erica (Lair:1)
  Pikel (D:5)
  Joseph (D:8)
  A black mamba (Lair:1)
  A spiny frog (Lair:1)
  A rime drake (D:8)
  A hippogriff (Lair:1)
  Sigmund (D:5)
  Eustachio (D:4)
  A hungry ghost (D:10)
  Menkaure (D:5)
  2 wargs (D:8)
  An ice beast (D:8)
  3 orc warriors
  A black bear (D:8)
  4 slaves
  A sky beast (D:6)
  A phantom (D:5)
  An eye of draining (D:8)
  2 ogres
  2 crocodiles (Lair:1)
  A big kobold (D:8)
  3 bullfrogs
  5 scorpions
  7 killer bees
  A howler monkey (D:6)
  2 crimson imps
  A centaur zombie (D:8)
  2 hounds (D:5)
  7 orc priests
  A bullfrog skeleton (D:4)
  2 jellies
  10 orc wizards
  3 iguanas
  Jessica (D:3)
  6 worker ants
  A hound zombie (D:7)
  2 hound skeletons
  Robin (D:3)
  4 gnolls (D:2)
  2 howler monkey skeletons
  8 adders
  2 oozes
  2 adder skeletons
  2 worms
  A dart slug (D:1)
  9 leopard geckos
  40 orcs
  10 bats
  3 giant cockroaches
  13 goblins
  7 hobgoblins
  17 jackals
  3 quokkas
  A ball python zombie (D:5)
  5 frilled lizards
  A jackal skeleton (D:8)
  7 kobolds
  A leopard gecko skeleton (D:5)
  A leopard gecko zombie (D:5)
  A quokka skeleton (D:10)
  A quokka zombie (D:6)
  3 rats (D:1)
229 creatures vanquished.

Vanquished Creatures (others)
  A killer bee (D:8)
  A plant (D:9)
2 creatures vanquished.

Grand Total: 231 creatures vanquished

Notes
Turn   | Place    | Note
-------+----------+-------------------------------------------
     0 | D:1      | Borgoz the Ghoul Monk began the quest for the Orb.
     0 | D:1      | Reached XP level 1. HP: 19/19 MP: 0/0
    60 | D:1      | You fall through a shaft!
   139 | D:2      | Reached XP level 2. HP: 9/26 MP: 1/1
   634 | D:1      | Reached skill level 1 in Armour
   654 | D:1      | Reached XP level 3. HP: 23/31 MP: 2/2
  1141 | D:2      | Reached XP level 4. HP: 25/39 MP: 3/3
  1405 | D:2      | Found a basalt altar of Yredelemnul.
  1554 | D:2      | Found a radiant altar of Vehumet.
  1554 | D:2      | Found a hazy altar of Hepliaklqana.
  1970 | D:3      | Noticed Robin
  1993 | D:2      | Reached XP level 5. HP: 9/46 MP: 4/4
  2425 | D:3      | Found a blossoming altar of Fedhas.
  2428 | D:3      | Found a stormy altar of Qazlal.
  2465 | D:3      | Killed Robin
  2630 | D:3      | Noticed Jessica
  2645 | D:3      | Killed Jessica
  3216 | D:4      | Noticed Eustachio
  3255 | D:4      | Killed Eustachio
  3255 | D:4      | Reached XP level 6. HP: 27/52 MP: 5/5
  3711 | D:4      | Reached XP level 7. HP: 26/60 MP: 6/6
  4009 | D:5      | Entered Level 5 of the Dungeon
  4186 | D:5      | Noticed Pikel
  4840 | D:7      | Reached XP level 8. HP: 67/67 MP: 7/7
  4939 | D:7      | Reached skill level 5 in Short Blades
  5361 | D:6      | Found an ornate altar of the Wu Jian Council.
  5413 | D:6      | Reached skill level 5 in Dodging
  5557 | D:6      | Reached skill level 5 in Fighting
  6087 | D:5      | Killed Pikel
  6087 | D:5      | Reached skill level 5 in Stealth
  6087 | D:5      | Reached XP level 9. HP: 48/74 MP: 8/8
  6153 | D:5      | Reached skill level 5 in Armour
  6248 | D:5      | Noticed Menkaure
  6258 | D:5      | Killed Menkaure
  6289 | D:5      | Found a staircase to the Ecumenical Temple.
  6297 | Temple   | Entered the Ecumenical Temple
  6392 | Temple   | Became a worshipper of Ashenzari the Shackled
  6392 | Temple   | Reached * piety under Ashenzari
  6392 | Temple   | Reached ** piety under Ashenzari
  6464 | D:5      | Noticed Sigmund
  6484 | D:5      | Killed Sigmund
  7176 | D:8      | Found a shimmering altar of Xom.
  7223 | D:8      | Found a staircase to the Lair.
  7223 | D:8      | Noticed Gastronok
  7355 | D:8      | Learned a level 1 spell: Confusing Touch
  7643 | D:9      | Found a runed translucent gate.
  7643 | D:9      | Found a runed translucent gate.
  7643 | D:9      | Found a runed translucent gate.
  7644 | D:9      | Noticed a nine-headed hydra
  7646 | D:9      | Noticed ThisFiasco's ghost (novice DrGl)
  7745 | D:8      | Reached skill level 1 in Spellcasting
  7880 | D:8      | Reached skill level 1 in Hexes
  8225 | D:8      | Noticed Joseph
  8451 | Lair:1   | Entered Level 1 of the Lair of Beasts
  8489 | Lair:1   | Reached XP level 10. HP: 67/81 MP: 11/11
  8553 | Lair:2   | Noticed a spiny frog
  8597 | Lair:1   | Killed a spiny frog
  8804 | Lair:1   | Noticed Erica
  9389 | D:8      | Killed Joseph
 10399 | D:9      | Learned a level 3 spell: Confuse
 10839 | D:9      | Found Yshreunij's Gadget Emporium.
 11228 | D:10     | Entered Level 10 of the Dungeon
 11228 | D:10     | Noticed a two-headed ogre
 11403 | D:10     | Reached *** piety under Ashenzari
 11852 | Lair:1   | Killed Erica
 11935 | Lair:1   | Noticed a black mamba
 11935 | Lair:1   | Noticed a black mamba
 12029 | Lair:1   | HP: 1/84 [black mamba (13)]
 12039 | Lair:1   | Killed a black mamba
 12039 | Lair:1   | Reached XP level 11. HP: 35/91 MP: 14/14
 12894 | D:8      | Killed from afar by Gastronok

Skill      XL: |  1  2  3  4  5  6  7  8  9 10 |
---------------+-------------------------------+-----
Armour         | 1 2 3 4 5 6 |  6.9
Dodging        | 3 4 5 6 7 |  7.5
Short Blades   | 3 4 5 6 7 |  7.5
Fighting       | 4 5 6 |  6.4
Stealth        | 3 4 5 6 |  6.6
Spellcasting   | 1 3 |  3.1
Hexes          | 1 3 |  3.6

Action                   |  1- 3 |  4- 6 |  7- 9 | 10-12 || total
-------------------------+-------+-------+-------+-------++-------
Melee: Short sword       |   130 |   348 |     3 |       ||   481
       Dagger            |       |    13 |   382 |   772 ||  1167
       Rapier            |       |       |   482 |    73 ||   555
Throw: Throwing net      |       |     1 |     1 |     2 ||     4
       Tomahawk          |       |       |       |     1 ||     1
 Cast: Confusing Touch   |       |       |       |    16 ||    16
Evoke: Wand              |       |       |       |    17 ||    17
  Use: Potion            |     3 |     4 |     5 |     3 ||    15
       Scroll            |     1 |       |    11 |     4 ||    16
 Stab: Sleeping          |     4 |     1 |    10 |     1 ||    16
       Invisible         |       |     4 |       |       ||     4
       Held in net/web   |       |       |     1 |     1 ||     2
       Confused          |       |       |       |    13 ||    13
  Eat: Chunk             |     3 |    12 |    47 |    29 ||    91
Armor: Robe              |    24 |       |       |       ||    24
       Ring mail         |    24 |   163 |   266 |   109 ||   562
       Chain mail        |       |       |       |    36 ||    36
Dodge: Dodged            |   110 |   362 |   660 |   405 ||  1537
